 Dungeon Crawl Stone Soup version 0.31-a0-489-g282fc92437 (webtiles) character file.

Game seed: 4727564425987047025

37 Ethylacetat the Chiller (level 3, 0/34 HPs)
             Began as an Octopode Ice Elementalist on Aug 8, 2023.
             Slain by a goblin
             ... wielding a +0 dagger
             ... led by Robin
              (2 damage)
             ... on level 2 of the Dungeon.
             The game lasted 00:02:46 (1155 turns).

Ethylacetat the Chiller (Octopode Ice Elementalist) Turns: 1155, Time: 00:02:47

Health: 0/34       AC: 21    Str:  7    XL:     3   Next: 41%
Magic:  0/6        EV:  2    Int: 19    God:
Gold:   105        SH:  0    Dex: 12    Spells: 3/7 levels left

rFire   . . .        (no weapon)
rCold   . . .        (no shield)
rNeg    . . .        (helmet currently unavailable)
rPois   +            (no amulet)
rElec   .            (no ring)
rCorr   .            (no ring)
SInv    .            (no ring)
Will    .....        (no ring)
Stlth   ++           (no ring)
HPRegen 0.25/turn    (no ring)
MPRegen 0.10/turn    (no ring)
                     (no ring)

%: no passive effects
@: tree-form, very slow
A: stationary, stasis, torment immunity, boosted hp, almost no armour,
(amphibious), 8 rings, (camouflage 1), (gelatinous body 1), (nimble swimmer 1),
(tentacles)
a: no special abilities


You were on level 2 of the Dungeon.
You were a tree.
You visited 1 branch of the dungeon, and saw 2 of its levels.

You collected 105 gold pieces.

Inventory:

Scrolls
 c - a scroll of identify {unknown}
 d - a scroll of poison {unknown}
 e - a scroll of fear {unknown}
Potions
 a - a potion of magic


   Skills:
 + Level 1.5 Fighting
 - Level 2.0 Dodging
 - Level 2.6 Stealth
 + Level 2.5 Spellcasting
 + Level 4.4 Ice Magic


You had 3 spell levels left.
You knew the following spells:

 Your Spells              Type           Power      Damage    Failure   Level
a - Freeze                Ice            76%        1d8       2%          1
b - Frozen Ramparts       Ice            38%        1d6       8%          3

Your spell library contained the following spells:

 Spells                   Type           Power      Damage    Failure   Level
 Ozocubu's Armour         Ice            19%        N/A       8%          3
 Magic Dart               Conj           8%         1d3       16%         1
 Call Imp                 Summ           4%         N/A       24%         2
 Cigotuvi's Dreadful Rot  Necr/Pois/Air  4%         N/A       24%         2
 Mephitic Cloud           Conj/Pois/Air  2%         N/A       43%         3
 Summon Ice Beast         Ice/Summ       10%        N/A       54%         4
 Dispel Undead            Necr           2%         3d7       85%         4
 Death Channel            Necr           1%         N/A       100%        6


Dungeon Overview and Level Annotations

Branches:
Dungeon (2/15)

Altars:

Annotations:
D:2 Robin


Innate Abilities, Weirdness & Mutations

You are a tree.
Your roots penetrate the ground, keeping you stationary.
You cannot be teleported.
You are immune to unholy pain and torment.
Your maximum health is greatly increased.
You cannot wear most types of armour.
((You are amphibious.))
You can wear up to eight rings at the same time.
((Your skin changes colour to match your surroundings (Stealth+).))
((Your rubbery body absorbs attacks. (AC +1, EV +1)))
((You are camouflaged when in or above water. (Stealth+)))
((You have tentacles for arms and can constrict up to eight enemies at once.))


Message History

It was a potion of lignification.
You turn into a tree.
Your roots penetrate the ground.
A goblin comes into view. It is wielding a +0 club.
Robin barely misses you. The goblin hits you but does no damage.
You miss the goblin.
The goblin shouts!
You hear a shout!
The goblin no longer looks unusually strong.
Robin completely misses you.
A goblin comes into view. It is wielding a +0 dagger.
The goblin hits you but does no damage.
Okay, then.
Casting: Freeze (safe; 2% risk of failure)
Confirm with . or Enter, or press ? or * to list all spells.
Aiming: Freeze (safe; 2% risk of failure)
Press: ? - help, Shift-Dir - straight line, f/p - Robin
Aim: Robin, wielding a +0 spear, wearing a +0 animal skin and wearing a +0 helmet (moderately wounded)
You freeze Robin.
Robin is moderately wounded.
The goblin shouts!
You hear an angry hiss.
A goblin comes into view. It is wielding a +0 club.
The kobold hits you but does no damage. The goblin hits you but does no damage.
You hit Robin.
Robin is severely wounded.
Robin throws the goblin at you! The kobold hits you but does no damage.
The goblin hits you but does no damage. The goblin barely misses you.
Unknown command.
You hit Robin.
Robin is severely wounded.
The goblin hits the fungus with a +0 club.
The fungus begins to die.
Robin hits you with a +0 spear.
* * * LOW HITPOINT WARNING * * *
The kobold hits you but does no damage. The goblin hits you with a +0 dagger.
* * * LOW HITPOINT WARNING * * *
The goblin hits you but does no damage.
You hit Robin but do no damage.
Robin is severely wounded.
Robin hits you but does no damage. The kobold hits you with a +0 club.
* * * LOW HITPOINT WARNING * * *
The goblin hits you with a +0 dagger.
You die...

#.##.##.##### #...)...#
####### #.##.#..# #.....#
#.##^#..# #.....# #.......#
#.....# #.......# #..>..#
#.###..## #.....#
###...g..#####.#####
#.#.gP♣P....##.#
###P#l.Kgg..).##.#
#..P.#P.g~.......####
#†#g.#.g⌠.⌠.P.......#
#.#P.#...⌠⌠....#.##.#####
##.#..#................... g
# #..g...#.#..#†.†#....#####
.g..#.##.##.P.#_#..#...#.#..#
#gg.gg...P..######...)....#


You could see Robin, 6 goblins, a kobold and a frilled lizard.

Vanquished Creatures
  2 dart slugs
  5 ball pythons
  An endoplasm (D:1)
  3 giant cockroaches
  4 hobgoblins
  A frilled lizard (D:2)
  6 goblins (D:2)
  4 kobolds
  3 rats
29 creatures vanquished.

Notes
Turn   | Place    | Note
-------+----------+-------------------------------------------
     0 | D:1      | Ethylacetat the Octopode Ice Elementalist began the quest
                  | for the Orb.
     0 | D:1      | Reached XP level 1. HP: 11/11 MP: 3/3
   236 | D:1      | Reached XP level 2. HP: 14/18 MP: 5/5
   584 | D:1      | Reached skill level 1 in Fighting
   875 | D:2      | Reached XP level 3. HP: 22/23 MP: 2/6
  1005 | D:2      | Found a faded altar of an unknown god.
  1097 | D:2      | Learned a level 3 spell: Frozen Ramparts
  1126 | D:2      | Noticed Robin
  1155 | D:2      | Slain by a goblin

Illustrated notes

Levels and vault maps discovered:
D:1:      dpeg_arrival_round_a, layout_rooms, roderic_lattice_a
D:2:      layout_loops_cross, shapermc_ecumenical_altar_mp_ritualfount,
          uniq_crazy_yiuf_cottage, uniq_robin

Skill      XL: |  1  2 |
---------------+-------+-----
Fighting       | 1 |  1.5
Dodging        | |  2.0
Stealth        | |  2.6
Spellcasting   | |  2.5
Ice Magic      | |  4.4

Action                     || total
---------------------------++-------
  Melee: Unarmed           ||    60
         Tentacles         ||    16
         Constrict         ||    14
         Punch             ||     3
   Cast: Freeze            ||    16
    Use: Potion            ||     1
   Stab: Sleeping          ||     7
 Armour: Skin              ||    16
  Dodge: Dodged            ||    35

Table legend: (Time is in decaauts)
 A = Elapsed time spent in this place.
 B = Non-inter-level travel time spent in this place.
 C = Inter-level travel time spent in this place.
 D = Time resting spent in this place.
 E = Time spent auto-exploring this place.
 F = Levels seen in this place.
 G = Mean time per level.
                   A        B        C        D        E       F      G
               +--------+--------+--------+--------+--------+-----+--------+
         Total |   1154 |   1116 |     38 |      0 |    903 |   2 |  577.0 |
       Dungeon |   1154 |   1116 |     38 |      0 |    903 |   2 |  577.0 |
               +--------+--------+--------+--------+--------+-----+--------+

Top non-repeatable levels by time:
     D:1: 736 daAuts
     D:2: 418 daAuts
